 Dungeon Crawl Stone Soup version 0.26-a0-52-gd53d4cd058 (webtiles) character file.

Game seed: 3256375544418793303

105 vurker the Grave Robber (level 4, -9/32 HPs)
             Began as a Gnoll Necromancer on June 6, 2020.
             Mangled by Grinder (11 damage)
             ... on level 3 of the Dungeon.
             The game lasted 00:03:12 (2914 turns).

vurker the Grave Robber (Gnoll Necromancer)         Turns: 2914, Time: 00:03:13

Health: -9/32      AC:  2    Str: 10    XL:     4   Next: 83%
Magic:  11/11      EV: 15    Int: 18    God:
Gold:   121        SH:  0    Dex: 16    Spells: 5/13 levels left

rFire    . . .     SeeInvis .   g - +0 dagger (speed)
rCold    . . .     Gourm    .   (no shield)
rNeg     . . .     Faith    .   a - +0 robe
rPois    .         Spirit   .   (no helmet)
rElec    .         Reflect  .   (no cloak)
rCorr    .         Harm     .   (no gloves)
MR       .....                  (no boots)
Stlth    +++.......             (no amulet)
HPRegen  0.10/turn              (no ring)
MPRegen  0.12/turn              (no ring)

@: no status effects
A: distributed training, fangs 1, strong nose
a: no special abilities


You were on level 3 of the Dungeon.
You were not hungry.

You visited 1 branch of the dungeon, and saw 3 of its levels.

You collected 121 gold pieces.

Inventory:

Hand Weapons
 g - a +0 dagger of speed (weapon)
   (You took it off a goblin on level 1 of the Dungeon)
Armour
 a - a +0 robe (worn)
Scrolls
 b - a scroll of magic mapping {unknown}
 f - a scroll of enchant weapon {unknown}
 h - 2 scrolls of remove curse {unknown}
 k - 2 scrolls of teleportation {unknown}
 l - a scroll of identify {unknown}
Potions
 c - 2 potions of heal wounds {unknown}
 d - a potion of curing {unknown}
 j - a potion of invisibility {unknown}
Comestibles
 e - a ration
 i - 5 chunks of flesh


   Skills:
 + Level 1.2 Fighting
 + Level 1.2 Short Blades
 + Level 1.2 Long Blades
 + Level 1.2 Axes
 + Level 1.2 Maces & Flails
 + Level 1.2 Polearms
 + Level 1.2 Staves
 + Level 1.2 Slings
 + Level 1.2 Bows
 + Level 1.2 Crossbows
 + Level 1.2 Throwing
 + Level 1.2 Armour
 + Level 4.7 Dodging
 + Level 4.3 Stealth
 + Level 1.2 Shields
 + Level 1.2 Unarmed Combat
 + Level 5.1 Spellcasting
 + Level 1.0 Conjurations
 + Level 1.0 Hexes
 + Level 1.0 Charms
 + Level 1.0 Summonings
 + Level 7.1 Necromancy
 + Level 1.0 Translocations
 + Level 1.0 Transmutations
 + Level 1.0 Fire Magic
 + Level 1.0 Ice Magic
 + Level 1.0 Air Magic
 + Level 1.0 Earth Magic
 + Level 1.0 Poison Magic
 + Level 1.3 Invocations
 + Level 1.2 Evocations


You had 5 spell levels left.
You knew the following spells:

 Your Spells              Type           Power        Failure   Level  Hunger
a - Pain                  Necr           ####         1%          1    None
c - Vampiric Draining     Necr           ####......   1%          3    ##.....
q - Animate Dead          Necr           N/A          7%          4    ####...

Your spell library contained the following spells:

 Spells                   Type           Power        Failure   Level  Hunger
 Animate Skeleton         Necr           N/A          1%          1    None
 Agony                    Necr           ####....     19%         5    ######.


Dungeon Overview and Level Annotations

Branches:
Dungeon (3/15)

Altars:
Hepliaklqana
Qazlal
Xom

Annotations:
D:3 Grinder


Innate Abilities, Weirdness & Mutations

Your experience applies equally to all skills.
You have very sharp teeth.
Your uncanny sense of smell can sniff out nearby items.


Message History

a +0 club; a hobgoblin skeleton
Things that are here:
a +0 club; a hobgoblin skeleton A hobgoblin comes into view.
It is wielding a -3 club.
A hobgoblin is nearby!
A hobgoblin is nearby!
Grinder comes into view.
Aim: a hobgoblin, wielding a -3 club (asleep, chance to defeat MR: 93%)
The hobgoblin writhes in agony.
You kill the hobgoblin!
Grinder shouts!
A bat comes into view.
Grinder gestures at you.
You suddenly lose the ability to move!
The bat hits you but does no damage. The bat hits you.
You can move again.
Aim: a bat (chance to defeat MR: 93%)
The bat writhes in agony!
You kill the bat!
You can't see any susceptible monsters within range! (Use Z to cast anyway.) Grinder gestures at you.
Pain shoots through your body!
You hit Grinder but do no damage. You bite Grinder, but do no damage.
You closely miss Grinder. Grinder completely misses you.
You hit Grinder but do no damage. Grinder misses you.
You hit Grinder. You bite Grinder, but do no damage.
Aim: Grinder (lightly wounded)
You can't drain life from that!
You barely miss Grinder.
Grinder says, "What is the universe for?"
Grinder blinks!
Grinder gestures at you. Pain shoots through your body!
You hit Grinder. Grinder hits you!
* * * LOW HITPOINT WARNING * * *
You writhe in agony.
* * * LOW HITPOINT WARNING * * *
You barely miss Grinder. You hit Grinder. Grinder gestures at you.
You resist with significant effort.
You hit Grinder. You hit Grinder but do no damage.
You bite Grinder, but do no damage. Grinder hits you.
* * * LOW HITPOINT WARNING * * *
You writhe in agony.
* * * LOW HITPOINT WARNING * * *
You closely miss Grinder. Grinder hits you!
You die...

#.........##.###.##.#
#.###.....##........#
#.###.....######.####
#.........# #.#
..###...### #.#
..÷.....# #.#
.######+# #.# ## ∆
#.# # #@# # #.5....#
### #...##.# ..+
...).. ### .......
.##.##..# . .. ..# #.
.. ##


You could see Grinder.

Vanquished Creatures
  A killer bee zombie (D:3)
  2 adders
  4 worms (D:2)
  2 dart slugs (D:1)
  2 leopard geckos
  A ball python (D:1)
  6 bats
  4 giant cockroaches
  8 goblins
  4 hobgoblins
  2 jackals (D:1)
  3 frilled lizards
  5 kobolds
  6 rats
50 creatures vanquished.

Notes
Turn   | Place    | Note
-------+----------+-------------------------------------------
     0 | D:1      | vurker the Gnoll Necromancer began the quest for the Orb.
     0 | D:1      | Reached XP level 1. HP: 13/13 MP: 6/6
    49 | D:1      | Reached XP level 2. HP: 4/19 MP: 0/7
   909 | D:1      | Reached XP level 3. HP: 16/25 MP: 2/9
  1224 | D:1      | Reached skill level 5 in Spellcasting
  1836 | D:2      | Reached skill level 1 in Invocations
  1892 | D:2      | Reached skill level 1 in Fighting
  1892 | D:2      | Reached skill level 1 in Short Blades
  1892 | D:2      | Reached skill level 1 in Long Blades
  1892 | D:2      | Reached skill level 1 in Axes
  1892 | D:2      | Reached skill level 1 in Maces & Flails
  1892 | D:2      | Reached skill level 1 in Polearms
  1892 | D:2      | Reached skill level 1 in Staves
  1892 | D:2      | Reached skill level 1 in Slings
  1892 | D:2      | Reached skill level 1 in Bows
  1892 | D:2      | Reached skill level 1 in Crossbows
  1892 | D:2      | Reached skill level 1 in Throwing
  1892 | D:2      | Reached skill level 1 in Armour
  1892 | D:2      | Reached skill level 1 in Shields
  1892 | D:2      | Reached skill level 1 in Unarmed Combat
  1892 | D:2      | Reached skill level 1 in Evocations
  2084 | D:2      | Found a hazy altar of Hepliaklqana.
  2188 | D:2      | Found a stormy altar of Qazlal.
  2230 | D:2      | Reached XP level 4. HP: 32/32 MP: 9/11
  2329 | D:2      | Found a shimmering altar of Xom.
  2329 | D:2      | Found a shimmering altar of Xom.
  2330 | D:2      | Found a shimmering altar of Xom.
  2330 | D:2      | Found a shimmering altar of Xom.
  2761 | D:3      | Reached skill level 1 in Conjurations
  2761 | D:3      | Reached skill level 1 in Hexes
  2761 | D:3      | Reached skill level 1 in Charms
  2761 | D:3      | Reached skill level 1 in Summonings
  2761 | D:3      | Reached skill level 1 in Translocations
  2761 | D:3      | Reached skill level 1 in Transmutations
  2761 | D:3      | Reached skill level 1 in Fire Magic
  2761 | D:3      | Reached skill level 1 in Ice Magic
  2761 | D:3      | Reached skill level 1 in Air Magic
  2761 | D:3      | Reached skill level 1 in Earth Magic
  2761 | D:3      | Reached skill level 1 in Poison Magic
  2860 | D:3      | Learned a level 4 spell: Animate Dead
  2864 | D:3      | Learned a level 3 spell: Vampiric Draining
  2892 | D:3      | Noticed Grinder
  2893 | D:3      | Paralysed by Grinder for 3 turns
  2914 | D:3      | Mangled by Grinder

Illustrated notes

Levels and vault maps discovered:
D:1:      minmay_arrival_shattered_statue, layout_basic
D:2:      layout_loops_ring, old_standard_altar,
          nicolae_qazlal_eye_of_the_storm, xom_redecorated
D:3:      layout_loops_corners, lightli_sewer_entry_pipes, uniq_grinder

Skill      XL: |  1  2  3  4 |
---------------+-------------+-----
Spellcasting   | 5 |  5.1
Invocations    | 1 |  1.3
Fighting       | 1 |  1.2
Short Blades   | 1 |  1.2
Long Blades    | 1 |  1.2
Axes           | 1 |  1.2
Maces & Flails | 1 |  1.2
Polearms       | 1 |  1.2
Staves         | 1 |  1.2
Slings         | 1 |  1.2
Bows           | 1 |  1.2
Crossbows      | 1 |  1.2
Throwing       | 1 |  1.2
Armour         | 1 |  1.2
Shields        | 1 |  1.2
Unarmed Combat | 1 |  1.2
Evocations     | 1 |  1.2
Conjurations   | 1 |  1.0
Hexes          | 1 |  1.0
Charms         | 1 |  1.0
Summonings     | 1 |  1.0
Translocations | 1 |  1.0
Transmutations | 1 |  1.0
Fire Magic     | 1 |  1.0
Ice Magic      | 1 |  1.0
Air Magic      | 1 |  1.0
Earth Magic    | 1 |  1.0
Poison Magic   | 1 |  1.0
Dodging        | |  4.7
Stealth        | |  4.3
Necromancy     | |  7.1

Action                   |  1- 3 |  4- 6 || total
-------------------------+-------+-------++-------
Melee: Unarmed           |     1 |       ||     1
       Dagger            |    24 |    21 ||    45
       Bite              |     2 |     5 ||     7
 Cast: Pain              |    63 |    27 ||    90
 Stab: Sleeping          |     2 |     1 ||     3
  Eat: Chunk             |     4 |     2 ||     6
Armor: Robe              |     7 |     3 ||    10
Dodge: Dodged            |    28 |     8 ||    36

Table legend:
 A = Non-vault XP
 B = Vault XP
 C = Vault XP percentage of total XP
 D = Non-vault monster count
 E = Vault monster count
 F = Vault count percentage of total count
                 A         B        C        D         E       F
            +---------+---------+-------+---------+---------+-------
      Total |     151 |       0 |   0.0 |      50 |       0 |   0.0
            +---------+---------+-------+---------+---------+-------
        D:1 |      45 |       0 |   0.0 |      23 |       0 |   0.0
        D:2 |      54 |       0 |   0.0 |      19 |       0 |   0.0
        D:3 |      52 |       0 |   0.0 |       8 |       0 |   0.0
            +---------+---------+-------+---------+---------+-------
